SCURSCUM, neutral female scurrid Archeologist -+------------ - |$.......@.....| |<...*..A......| ...............| ---------------- SCURSCUM the Digger Experience level: 1 Strength: 15 Dexterity: 10 Constitution: 12 Intelligence: 16 Wisdom: 14 Charisma: 10 Health: 0(12) Energy: 2(2) Def: 2 Gold: 0 Moves: 43 Dungeon seed: sLW_yd7eD0lOy1r0 Game ID: SCURSCUM_1498605146 Your Inventory: Weapons a - an uncursed +2 bullwhip Armor e - an uncursed +0 leather jacket (being worn) n - an uncursed +0 pair of leather gloves (being worn) Comestibles b - 5 uncursed chestnuts Wands d - an uncursed wand of light (0:14) Tools c - an uncursed pair of lenses f - an uncursed sack g - an uncursed tin opener (alternate weapon; not wielded) h - an uncursed oil lamp (0:1212) Gems q - an uncursed touchstone Spells and supernatural/magical abilities: Name Level Category Fail Memory W - pray for help -- divine ? -- Your skills at the end: Miscellaneous Skills wands [Basic] Weapon Skills whip [Basic] Spellcasting Skills Final Attributes: You were devoutly aligned. You had infravision. You were very stealthy. You were fast. You are dead. Vanquished creatures: a dwarf zombie Voluntary challenges: You went without food. You did not adorn yourself with jewelry or accessories. You did not cause conflict. You were not invisible. You did not have reflection. You were not displaced. You were an atheist. You never hit with a wielded weapon. You were a pacifist. You did not use tools. You did not use plumbed fixtures. You did not drink any magical draughts. You were illiterate. You never genocided any monsters. You never polymorphed an object. You never changed form. You used no wishes. You never split a pudding. You never wrote Elbereth's name. You never violated your personal moral code. Dungeon overview: The Dungeons of Doom: levels 1 to 21 Level 1 a long staircase Level 2 a fountain Level 3 Level 4 Level 5 Level 6 Level 7 a fountain Level 8 Level 9 a fountain Level 10 a fountain Level 11 Level 12 Level 13 Level 14 Level 15 Level 16 Level 17 Level 18 Level 19 a fountain Level 20 Level 21 <- You were here History has recorded: On T:1 you entered the Dungeons of Doom to retrieve the Amulet of Yendor! On T:6 you reached level 2 of The Dungeons of Doom. On T:9 you reached level 3 of The Dungeons of Doom. On T:10 you reached level 4 of The Dungeons of Doom. On T:12 you reached level 5 of The Dungeons of Doom. On T:14 you reached level 6 of The Dungeons of Doom. On T:16 you reached level 7 of The Dungeons of Doom. On T:18 you reached level 8 of The Dungeons of Doom. On T:20 you reached level 9 of The Dungeons of Doom. On T:22 you reached level 10 of The Dungeons of Doom. On T:24 you reached level 11 of The Dungeons of Doom. On T:26 you reached level 12 of The Dungeons of Doom. On T:28 you reached level 13 of The Dungeons of Doom. On T:30 you reached level 14 of The Dungeons of Doom. On T:31 you reached level 15 of The Dungeons of Doom. On T:33 you reached level 16 of The Dungeons of Doom. On T:35 you reached level 17 of The Dungeons of Doom. On T:35 you entered the Rogue tribute level. On T:37 you reached level 18 of The Dungeons of Doom. On T:39 you reached level 19 of The Dungeons of Doom. On T:41 you reached level 20 of The Dungeons of Doom. On T:43 you reached level 21 of The Dungeons of Doom. Score breakdown: Gold: 0 ( 0 points) Experience: 1 level ( 0 points) Exploration: 21 levels ( 600 points) Discoveries: 0 items ( 0 points) Variety of kills: 1 monster ( 50 points) Major goal: (nothing yet) ( 0 points) Survival: died (score multiplied by 3) Total score: 1950 Latest messages: You fall through... You start digging downward. You continue digging downward. You dig a pit in the floor. You continue digging downward. You dig a hole through the floor. You fall through... Something is written here in the dust. You read: "cd acrari m". You start digging downward. The couatl bites! (2x) The couatl brushes against your leg. You continue digging downward. You dig a pit in the floor. You continue digging downward. You dig a hole through the floor. You fall through... The couatl bites! The couatl's bite was poisoned! You die... The sack is empty. The sack is empty. Final status: Goodbye SCURSCUM the Archeologist, poisoned by a couatl... You died in The Dungeons of Doom on dungeon level 21 with 1950 points, and 0 pieces of gold, after 43 moves. You were level 1 with a maximum of 12 hit points when you died.